 Dungeon Crawl Stone Soup version 0.30-a0-359-gd0147acb1a (webtiles) character file.

Game seed: 18193794084968005486

6662 pokeman the Thaumaturge (level 10, 0/56 HPs)
             Began as a Deep Elf Hedge Wizard on Nov 11, 2022.
             Was a Priest of Vehumet.
             Shot with an arrow by a centaur (7 damage)
             ... on level 9 of the Dungeon.
             The game lasted 00:23:03 (9306 turns).

pokeman the Thaumaturge (Deep Elf Hedge Wizard)     Turns: 9306, Time: 00:23:04

Health: 0/56       AC:  8    Str:  7    XL:     10   Next: 73%
Magic:  15/29      EV: 12    Int: 24    God:    Vehumet [***...]
Gold:   549        SH:  0    Dex: 14    Spells: 24/36 levels left

rFire   . . .      SeeInvis +    x - +3 club (spect)
rCold   + . .      Faith    .    (no shield)
rNeg    . . .      Spirit   .    p - +2 leather armour {rC+}
rPois   +          Reflect  .    c - +0 hat
rElec   .          Harm     .    z - +0 cloak
rCorr   .          Rampage  .    K - +0 pair of gloves
Will    +....                    o - +0 pair of boots
Stlth   ++........               (no amulet)
HPRegen 0.29/turn                I - ring "Dasoti" {Fly rPois}
MPRegen 0.21/turn                D - ring of see invisible

@: flying
A: no striking features
a: Renounce Religion


You were on level 9 of the Dungeon.
You worshipped Vehumet.
Vehumet was most pleased with you.
You visited 2 branches of the dungeon, and saw 10 of its levels.

You collected 549 gold pieces.

Inventory:

Hand Weapons
 x - a +3 spectral club (weapon)
Armour
 c - a +0 hat (worn)
 o - a +0 pair of boots (worn)
 p - a +2 leather armour of cold resistance (worn)
 z - a +0 cloak (worn)
 F - +0 steam dragon scales
 K - a +0 pair of gloves (worn)
Magical Staves
 u - a staff of earth
Jewellery
 t - a ring of poison resistance
 D - a ring of see invisible (right hand)
 I - the ring "Dasoti" (left hand) {Fly rPois}
   (You took it off an orc wizard on level 8 of the Dungeon)

   [ring of poison resistance]

   rPois:     It protects you from poison.
   Fly:       It grants you flight.
Wands
 w - a wand of flame (10)
 A - a wand of iceblast (11)
 B - a wand of paralysis (14)
 G - a wand of polymorph (7)
Scrolls
 a - 2 scrolls of magic mapping {unknown}
 b - 2 scrolls of blinking {unknown}
 f - 4 scrolls of immolation {unknown}
 i - 5 scrolls of teleportation {unknown}
 j - 3 scrolls of noise {unknown}
 m - a scroll of silence {unknown}
 r - a scroll of summoning {unknown}
 s - 3 scrolls of enchant weapon {unknown}
 v - 5 scrolls of vulnerability {unknown}
 y - 5 scrolls of identify {unknown}
 E - a scroll of torment {unknown}
 H - a scroll of fog {unknown}
 J - a scroll of fear {unknown}
Potions
 d - a potion of magic
 e - 2 potions of degeneration {unknown}
 g - 7 potions of curing {unknown}
 h - a potion of invisibility {unknown}
 k - 4 potions of attraction {unknown}
 l - a potion of might {unknown}
 n - a potion of lignification {unknown}
 q - 2 potions of brilliance {unknown}
 C - a potion of mutation {unknown}


   Skills:
 - Level 4.0 Fighting
 + Level 3.4 Armour
 - Level 3.0 Dodging
 - Level 3.0 Stealth
 * Level 13.6 Spellcasting
 + Level 9.1 Conjurations
 - Level 1.1 Summonings
 - Level 1.1 Translocations
 + Level 7.2 Fire Magic
 - Level 1.1 Air Magic
 - Level 1.0 Earth Magic
 - Level 1.2 Poison Magic
 - Level 1.2 Evocations


You had 24 spell levels left.
You knew the following spells:

 Your Spells              Type           Power      Damage    Failure   Level
a - Magic Dart            Conj           100%       1d8       1%          1
b - Mephitic Cloud        Conj/Pois/Air  34%        N/A       1%          3
c - Call Imp              Summ           21%        N/A       4%          2
d - Blink                 Tloc           42%        N/A       4%          2
e - Flame Wave            Conj/Fire      54%        2d13      1%          4

Your spell library contained the following spells:

 Spells                   Type           Power      Damage    Failure   Level
 Kindle Blastsparks       Fire/Tloc/Air  62%        2d15      1%          3
 Momentum Strike          Conj/Tloc      80%        3d10      1%          2
 Poisonous Vapours        Pois/Air       44%        N/A       1%          2
 Scorch                   Fire           100%       2d10      1%          2
 Slow                     Hex            64%        N/A       5%          1
 Cigotuvi's Dreadful Rot  Necr/Pois/Air  40%        N/A       6%          2
 Call Canine Familiar     Summ           21%        N/A       10%         3
 Gell's Gravitas          Tloc           21%        N/A       10%         3
 Lesser Beckoning         Tloc           42%        N/A       10%         3
 Teleport Other           Tloc           21%        N/A       10%         3
 Portal Projectile        Hex/Tloc       38%        N/A       13%         3
 Leda's Liquefaction      Hex/Erth       9%         N/A       41%         4
 Dispersal                Tloc           10%        N/A       99%         6
 Summon Cactus Giant      Summ           10%        N/A       99%         6


Dungeon Overview and Level Annotations

Branches:
Dungeon (9/15)             Temple (1/1) D:4            Lair (0/5) D:8
    Orc: D:9-12

Altars:
Ashenzari
Cheibriados
Dithmenos
Elyvilon
Fedhas
Gozag
Kikubaaqudgha
Makhleb
Okawaru
Qazlal
Sif Muna
Trog
Uskayaw
Vehumet
Xom
Yredelemnul
The Shining One

Shops:
D:3 (   D:4 =


Message History

The wyvern is engulfed in noxious fumes.
The wyvern appears confused.
The orc warrior is engulfed in noxious fumes.
The orc warrior appears confused.
The orc warrior laughs at nothing.
The orc warrior barely misses you.
The orc warrior hits itself but does no damage.
The wyvern is engulfed in noxious fumes.
The wyvern appears confused.
Unknown command.
Casting: Mephitic Cloud (safe; 1% risk of failure)
Confirm with . or Enter, or press ? or * to list all spells.
Casting: Flame Wave (dangerous; 1% risk of failure)
Press: ? - help, Dir - look around, f - activate A wave of flame ripples out!
The flame wave engulfs the orc warrior but does no damage.
The orc warrior is moderately wounded.
The flame wave engulfs the wyvern!
The wyvern is heavily wounded. (Press . to intensify the flame waves.) Unknown command.
A wave of flame ripples out!
The flame wave engulfs the orc warrior.
The orc warrior is moderately wounded.
The flame wave engulfs the wyvern!
You kill the wyvern!
Vehumet accepts your kill.
You feel your power returning.
You hear a bellow!
The orc warrior is engulfed in noxious fumes.
The orc warrior hits you with a +0 battleaxe.
* * * LOW HITPOINT WARNING * * *
Unknown command.
The orc warrior is engulfed in noxious fumes.
The orc warrior appears confused.
Something unseen opens the door.
A centaur comes into view.
The orc warrior hits you with a +0 battleaxe.
* * * LOW HITPOINT WARNING * * *
The centaur wields a +0 shortbow.
The centaur shoots an arrow.
The arrow hits you!
You die...

######......#+####+#...
......................#
(.....................#
......................#
......................#
.............○........#
#<......○.......#
#......○o○......#
#.....(@........#
#........#c######
#.....○..# ..
#......°.# ...
#........# ..#
#........# .#
#........# # +........#


You could see an orc warrior (confused) and a centaur.

Vanquished Creatures
  A two-headed ogre (D:8)
  Pikel (D:6)
  Maggie (D:7)
  Grinder (D:5)
  Prince Ribbit (D:6)
  Sigmund (D:2)
  3 wyverns
  2 steam dragons
  Menkaure (D:4)
  3 water moccasins
  An orc warrior (D:4)
  2 ice beasts (D:6)
  4 black bears
  A hornet zombie (D:5)
  An ogre (D:5)
  3 phantoms
  2 centaurs (D:8)
  3 lemures (D:6)
  A kobold brigand (D:8)
  2 gnoll sergeants
  A necrophage (D:5)
  4 bullfrogs
  3 water moccasin zombies (D:5)
  A scorpion (D:5)
  5 wights (D:8)
  2 water moccasin skeletons (D:5)
  An electric eel (D:6)
  3 howler monkeys
  5 bullfrog zombies (D:5)
  2 centaur zombies (D:5)
  2 jellies
  4 orc priests
  A bullfrog skeleton (D:5)
  Ijyb (D:5)
  Jessica (D:3)
  2 iguanas
  9 orc wizards
  Natasha (thrice) (D:3)
  2 scorpion zombies (D:5)
  2 hound zombies (D:5)
  14 gnolls
  7 adders
  A white imp (D:7)
  An ufetubus (D:5)
  An adder skeleton (D:5)
  2 adder zombies (D:5)
  4 dart slugs
  38 orcs
  5 ball pythons
  9 bats
  13 endoplasms
  A giant cockroach (D:1)
  5 goblins
  7 hobgoblins
  6 jackals
  8 kobolds
  A quokka (D:2)
  5 frilled lizards
  10 rats
227 creatures vanquished.

Vanquished Creatures (others)
  2 orcs (D:8)
  4 plants (D:6)
  2 withered plants (D:5)
8 creatures vanquished.

Grand Total: 235 creatures vanquished

Notes
Turn   | Place    | Note
-------+----------+-------------------------------------------
     0 | D:1      | pokeman the Deep Elf Hedge Wizard began the quest for the
                  | Orb.
     0 | D:1      | Reached XP level 1. HP: 10/10 MP: 7/7
    48 | D:1      | Found a faded altar of an unknown god.
   309 | D:1      | Reached XP level 2. HP: 15/15 MP: 6/9
   801 | D:2      | Reached skill level 5 in Spellcasting
   801 | D:2      | Reached XP level 3. HP: 20/20 MP: 5/11
   805 | D:2      | Learned a level 3 spell: Mephitic Cloud
   808 | D:2      | Learned a level 2 spell: Call Imp
   811 | D:2      | Learned a level 2 spell: Blink
  1358 | D:2      | Reached skill level 1 in Fighting
  1358 | D:2      | Reached skill level 1 in Armour
  1829 | D:2      | Reached XP level 4. HP: 24/25 MP: 7/13
  1875 | D:2      | Noticed Sigmund
  1885 | D:2      | Killed Sigmund
  1886 | D:2      | Reached skill level 5 in Conjurations
  1886 | D:2      | Reached XP level 5. HP: 29/29 MP: 12/15
  2338 | D:3      | Noticed Jessica
  2344 | D:3      | Killed Jessica
  2345 | D:3      | Reached XP level 6. HP: 34/34 MP: 11/16
  2423 | D:3      | Learned a level 4 spell: Flame Wave
  2562 | D:3      | Found Hiydghiu's Antique Weapon Boutique.
  2609 | D:3      | Reached skill level 6 in Spellcasting
  2759 | D:3      | Noticed Natasha
  2763 | D:3      | Killed Natasha
  2767 | D:3      | Noticed Natasha
  2773 | D:3      | Killed Natasha
  3291 | D:3      | Noticed Natasha
  3298 | D:3      | Killed Natasha
  3445 | D:4      | Found a staircase to the Ecumenical Temple.
  3455 | Temple   | Entered the Ecumenical Temple
  3461 | Temple   | Became a worshipper of Vehumet
  3492 | D:4      | Reached skill level 1 in Fire Magic
  3540 | D:4      | Found a bloodstained altar of Trog.
  3626 | D:4      | Reached skill level 1 in Poison Magic
  3626 | D:4      | Reached XP level 7. HP: 21/38 MP: 6/19
  3894 | D:4      | Reached skill level 7 in Spellcasting
  3974 | D:4      | Noticed Menkaure
  3982 | D:4      | Killed Menkaure
  3983 | D:4      | Reached skill level 1 in Air Magic
  4289 | D:4      | Found Baunydux's Jewellery Shop.
  4561 | D:4      | Reached skill level 8 in Spellcasting
  4561 | D:4      | Reached XP level 8. HP: 31/44 MP: 12/22
  4855 | D:5      | Entered Level 5 of the Dungeon
  4977 | D:5      | Reached * piety under Vehumet
  4977 | D:5      | Offered knowledge of Kiss of Death by Vehumet.
  5047 | D:5      | Reached skill level 1 in Earth Magic
  5060 | D:5      | Reached skill level 1 in Evocations
  5278 | D:5      | Reached skill level 9 in Spellcasting
  5303 | D:5      | Noticed Ijyb
  5319 | D:5      | Killed Ijyb
  5812 | D:5      | Reached skill level 10 in Spellcasting
  5812 | D:5      | Reached XP level 9. HP: 43/48 MP: 15/25
  6066 | D:5      | Noticed Grinder
  6071 | D:5      | Killed Grinder
  6132 | D:5      | Reached ** piety under Vehumet
  6132 | D:5      | Offered knowledge of Poisonous Vapours by Vehumet.
  6143 | D:5      | Reached skill level 5 in Fire Magic
  6541 | D:6      | Reached skill level 11 in Spellcasting
  6839 | D:6      | Found a white marble altar of Elyvilon.
  7015 | D:6      | Noticed Pikel
  7024 | D:6      | Killed Pikel
  7024 | D:6      | Offered knowledge of Stone Arrow by Vehumet.
  7055 | D:6      | Found a broken altar of Ashenzari.
  7056 | D:6      | Found a shadowy altar of Dithmenos.
  7112 | D:6      | Noticed Prince Ribbit
  7123 | D:6      | Reached skill level 12 in Spellcasting
  7123 | D:6      | Killed Prince Ribbit
  7124 | D:6      | Reached XP level 10. HP: 30/56 MP: 17/28
  7467 | D:6      | Found a stormy altar of Qazlal.
  7766 | D:7      | Noticed Maggie
  7775 | D:7      | Killed Maggie
  7905 | D:7      | Reached *** piety under Vehumet
  8032 | D:7      | Found a glowing golden altar of the Shining One.
  8345 | D:8      | Found a staircase to the Lair.
  8456 | D:8      | Offered knowledge of Kindle Blastsparks by Vehumet.
  8554 | D:8      | Identified the ring "Dasoti" {Fly rPois}
  8563 | D:8      | Reached skill level 13 in Spellcasting
  9047 | D:8      | Noticed a two-headed ogre
  9053 | D:8      | Killed a two-headed ogre
  9306 | D:9      | Shot with an arrow by a centaur

Illustrated notes

Levels and vault maps discovered:
D:1:      amcnicky_arrival_wind_blow, layout_basic,
          ebering_ecumenical_altar_box, st_stairs_11, minmay_misc_feat_diagonals
D:2:      minmay_chambers_of_twos, layout_loops_ring, uniq_sigmund
D:3:      layout_basic, serial_shops, nicolae_square_shop, st_stairs_6,
          uniq_jessica, uniq_natasha
D:4:      layout_cave_pools, trog_ov_bears_minmay, minmay_temple_entry_ruins,
          serial_shops, nicolae_shop_window_shopping,
          chequers_serial_rivers_room_b, uniq_menkaure
D:5:      layout_loops_ring, serial_undead, serial_undead_d, serial_undead_d,
          serial_undead_c, serial_undead_d, serial_undead_c, serial_undead_a,
          serial_undead_a, st_stairs_3, minmay_crystal_room, uniq_ijyb,
          uniq_grinder
D:6:      layout_basic, lemuel_tele_altar, grunt_temple_overflow_open,
          nicolae_elyvilon_temple_path, uniq_prince_ribbit1, uniq_pikel
D:7:      layout_cave_pools, tso_metal_star, uniq_maggie
D:8:      layout_rooms, lair_entry_dummy, minmay_increasing_density
D:9:      layout_gridville, zin_statuary, enter_bailey_5,
          chequers_serial_rivers_micro_a, uniq_erolcha
Temple:   hellmonk_temple_two_chambers

Skill      XL: |  1  2  3  4  5  6  7  8  9 10 |
---------------+-------------------------------+-----
Spellcasting   | 5 6 8 10 12 13 | 13.6
Fighting       | 1 2 3 4 |  4.0
Armour         | 1 2 3 |  3.4
Conjurations   | 2 5 6 7 8 9 |  9.1
Stealth        | 3 |  3.0
Dodging        | 3 |  3.0
Fire Magic     | 1 2 4 6 7 |  7.2
Poison Magic   | 1 |  1.2
Air Magic      | 1 |  1.1
Earth Magic    | 1 |  1.0
Evocations     | 1 |  1.2
Summonings     | |  1.1
Translocations | |  1.1

Action                   |  1- 3 |  4- 6 |  7- 9 | 10-12 || total
-------------------------+-------+-------+-------+-------++-------
Melee: Club              |       |       |    31 |    25 ||    56
 Fire: Sling             |    13 |    32 |    36 |       ||    81
 Cast: Magic Dart        |    88 |   101 |   121 |    16 ||   326
       Mephitic Cloud    |       |     6 |    22 |    12 ||    40
       Flame Wave        |       |       |    34 |    22 ||    56
       Blink             |       |       |     3 |       ||     3
       Call Imp          |       |       |     3 |     1 ||     4
 Stab: Confused          |       |       |     1 |       ||     1
       Distracted        |       |       |       |     1 ||     1
Armor: Robe              |     5 |     5 |     2 |       ||    12
       Leather armour    |       |       |    32 |    11 ||    43
Dodge: Dodged            |    30 |    15 |    91 |    47 ||   183

Table legend: (Time is in decaauts)
 A = Elapsed time spent in this place.
 B = Non-inter-level travel time spent in this place.
 C = Inter-level travel time spent in this place.
 D = Time resting spent in this place.
 E = Time spent auto-exploring this place.
 F = Levels seen in this place.
 G = Mean time per level.
                   A        B        C        D        E       F      G
               +--------+--------+--------+--------+--------+-----+--------+
         Total |   9357 |   9038 |    319 |    549 |   7100 |  10 |  935.7 |
       Dungeon |   9345 |   9031 |    314 |    549 |   7100 |   9 | 1038.3 |
        Temple |     12 |      7 |      5 |      0 |      0 |   1 |   12.0 |
               +--------+--------+--------+--------+--------+-----+--------+

Top non-repeatable levels by time:
     D:3: 1869 daAuts
     D:5: 1691 daAuts
     D:2: 1315 daAuts
     D:8: 1070 daAuts
     D:6: 1045 daAuts
     D:4: 912 daAuts
     D:1: 778 daAuts
     D:7: 645 daAuts
     D:9: 17 daAuts
  Temple: 12 daAuts
